AoeStats
← LE | WilliamS

Arabia

510414685Analyzed
1v1 RM · 11h ago on Sep 30, 2026· 44m 29s· 2 players
Game mode
Random Map
Map size
Tiny (2 player)
Population
200
Speed
Normal
Resources
Standard
Victory
Conquest
Starting age
Dark Age
Ending age
Imperial Age
RankedLock teamsTeams togetherTeam positionsShared explorationLock speedFull tech treeHidden civsTurbo modeCheats
Victory
Defeat
🇵🇪 Portuguese · Peru
2368
+13
🇧🇷 Gurjaras · Brazil
2298
-13
Pedro
6:21 Loom
9:08 Feudal Age
10:03 Double-Bit Axe
14:18 Fletching
21:12 Castle Age
19:25 Padded Archer Armor
20:23 Gold Mining
20:16 Horse Collar
21:17 Elite Skirmisher
21:52 Bodkin Arrow
22:48 Town Watch
23:40 Leather Archer Armor
24:34 Ballistics
30:01 Wheelbarrow
30:08 Bow Saw
31:55 Bloodlines
33:43 Scale Barding Armor
38:50 Imperial Age
37:33 Hand Cart
38:04 Chain Barding Armor
38:02 Kshatriyas
38:58 Forging
39:14 Husbandry
39:00 Heavy Camel Rider
40:56 Chain Barding Armor
42:10 Heavy Plow
42:46 Gold Shaft Mining
42:57 Plate Barding Armor
43:54 Iron Casting
44:01 Elite Shrivamsha Rider
LE | WilliamS
4:41 Loom
5:33 Loom
8:49 Feudal Age
9:04 Man-at-Arms
10:00 Double-Bit Axe
13:20 Fletching
20:23 Castle Age
18:18 Horse Collar
19:14 Gold Mining
19:53 Bloodlines
20:17 Scale Barding Armor
20:29 Crossbowman
21:11 Bodkin Arrow
24:55 Bow Saw
25:47 Wheelbarrow
26:50 Padded Archer Armor
26:28 Elite Skirmisher
28:49 Hand Cart
28:19 Town Watch
29:19 Leather Archer Armor
32:09 Ballistics
32:42 Forging
37:32 Imperial Age
37:12 Thumb Ring
37:12 Stone Mining
37:26 Heavy Plow
37:40 Masonry
38:38 Conscription
40:00 Chemistry
39:27 Bracer
39:44 Arbalester
41:16 Siege Engineers
42:57 Ring Archer Armor
42:47 Cavalier
43:27 Husbandry
44:03 Iron Casting
44:10 Light Cavalry
Connection lost

Rejoining the realm…

Still unreachable

The connection could not be restored.

Session expired

The server has moved on; the page needs a fresh start.